 Dungeon Crawl Stone Soup version 0.24.0-13-gcf9b319 (webtiles) character file.

Game seed: 5756385582070322722, levelgen mode: deterministic

3195 Ajohnson the Fighter (level 9, -2/74 HPs)
             Began as a Demonspawn Fighter on Nov 30, 2019.
             Was a Believer of Kikubaaqudgha.
             Slain by an orc warrior
             ... wielding a +0 war axe
              (15 damage)
             ... in a bailey.
             The game lasted 00:22:38 (8635 turns).

Ajohnson the Fighter (Demonspawn Fighter)           Turns: 8635, Time: 00:22:39

Health: -2/74      AC:  8    Str: 16    XL:     9   Next: 64%
Magic:  9/9        EV:  9    Int: 13    God:    Kikubaaqudgha [**....]
Gold:   370        SH:  9    Dex: 13    Spells: 8/8 levels left

rFire    . . .     SeeInvis .   a - +0 trident
rCold    . . .     Gourm    .   c - +0 shield
rNeg     . . .     Faith    .   b - +0 scale mail
rPois    .         Spirit   .   (no helmet)
rElec    .         Reflect  .   (no cloak)
rCorr    +         Harm     .   (no gloves)
MR       .....                  l - +0 pair of boots
Stlth    ..........             (no amulet)
HPRegen  0.22/turn              j - ring of resist corrosion
MPRegen  0.11/turn              (no ring)

@: berserk cooldown, hasted and slowed, heavily drained
A: hooves 2, repulsion field 1, demonic guardian 1, powered by death 2
a: Receive Corpses, Renounce Religion


You were in a bailey.
You worshipped Kikubaaqudgha.
Kikubaaqudgha was pleased with you.
You were not hungry.

You visited 2 branches of the dungeon, and saw 9 of its levels.
You also visited: Bailey.

You collected 370 gold pieces.

Inventory:

Hand Weapons
 a - a +0 trident (weapon)
Armour
 b - a +0 scale mail (worn)
 c - a +0 shield (worn)
 l - a +0 pair of boots (worn)
Jewellery
 j - a ring of resist corrosion (left hand)
Wands
 z - a wand of digging (9)
 D - a wand of polymorph (4)
Scrolls
 d - a scroll of noise {unknown}
 i - 5 scrolls of remove curse
 m - 2 scrolls of amnesia {unknown}
 n - 3 scrolls of enchant weapon
 o - 2 scrolls of enchant armour {unknown}
 p - a scroll of immolation {unknown}
 q - 6 scrolls of teleportation {unknown}
 r - a scroll of random uselessness {unknown}
 x - a scroll of fear {unknown}
 y - 2 scrolls of fog {unknown}
 E - a scroll of vulnerability
 F - a scroll of blinking
Potions
 e - a potion of brilliance
 h - a potion of lignification
 k - a potion of ambrosia {unknown}
 t - 3 potions of degeneration
 u - 5 potions of flight
 v - 2 potions of agility {unknown}
 w - a potion of berserk rage
 A - a potion of resistance {unknown}
 B - 3 potions of mutation
 C - a potion of cancellation {unknown}
Comestibles
 f - 9 rations
 s - 2 chunks of flesh


   Skills:
 - Level 8.0(6.3) Fighting
 - Level 7.0(5.4) Polearms
 - Level 5.0(3.5) Armour
 - Level 5.0(3.5) Shields
 + Level 6.1(4.6) Necromancy


You had 8 spell levels left.
You didn't know any spells.
Your spell library contained the following spells:

 Spells                   Type           Power        Failure   Level  Hunger
 Animate Skeleton         Necr           N/A          58%         1    ##.....
 Pain                     Necr           ##..         58%         1    ##.....
 Sublimation of Blood     Necr           ##........   73%         2    ###....
 Confusing Touch          Hex            #.....       99%         1    ##.....
 Sting                    Conj/Pois      #...         99%         1    ##.....
 Regeneration             Chrm/Necr      #.........   99%         3    ####...
 Poisonous Vapours        Pois/Air       #.....       100%        2    ###....
 Confuse                  Hex            #.......     100%        3    ####...
 Gell's Gravitas          Tloc           #.........   100%        3    ####...
 Mephitic Cloud           Conj/Pois/Air  #.......     100%        3    ####...
 Olgreb's Toxic Radiance  Pois           #.......     100%        4    #####..
 Petrify                  Tmut/Erth      #.......     100%        4    #####..
 Metabolic Englaciation   Hex/Ice        #.........   100%        5    ######.
 Venom Bolt               Conj/Pois      #.........   100%        5    ######.
 Yara's Violent Unravell  Hex/Tmut       #.........   100%        5    ######.


Dungeon Overview and Level Annotations

Branches:
Dungeon (8/15)             Temple (1/1) D:4          Bailey (1/1)
   Lair: D:8-11

Altars:
Ashenzari
Cheibriados
Dithmenos
Elyvilon
Fedhas
Gozag
Hepliaklqana
Kikubaaqudgha
Makhleb
Nemelex Xobeh
Okawaru
Qazlal
Sif Muna
Trog
Uskayaw
Vehumet
Wu Jian
Xom
Yredelemnul
Zin
The Shining One

Annotations:
D:7 2 transporters, Ekaitz's ghost, novice KoSu


Innate Abilities, Weirdness & Mutations

You have hoof-like feet.
You are surrounded by a mild repulsion field. (EV +2)
A weak demonic guardian rushes to your aid.
You regenerate health from kills.


Message History

You hit the orc warrior.
The orc warrior is lightly wounded.
The orc warrior barely misses you.
Your shield prevents you from hitting the orc warrior.
The orc warrior is lightly wounded.
You feel less wooden.
Your +0 pair of boots unmelds from your body.
Your +0 scale mail unmelds from your body.
Your white imp barely misses the orc warrior.
You barely miss the orc warrior.
The orc warrior is lightly wounded.
The orc warrior barely misses you.
The orc warrior closely misses your white imp.
Your white imp hits the orc warrior but does no damage.
You barely miss the orc warrior.
The orc warrior is lightly wounded.
Your white imp barely misses the orc warrior.
The orc warrior hits you with a +0 war axe!
You die...
Kikubaaqudgha rasps: "You have failed me!
Welcome... death!"

≈≈≈≈≈≈K#...ogg.#∩≈≈≈≈≈####
≈≈Kg####...oK..####≈≈≈≈≈≈####
Kgoo#KK####'####..#(.≈≈≈≈≈≈≈#####
..###Ko.^ .. ^...###.≈≈≈≈≈≈≈≈≈≈≈
..# #### ###..+ #..≈≈≈≈≈≈≈≈≈≈ ..#
#..# #....#≈≈≈≈### ... #..#
#...####### ... ######..##
.#########@......#
......KKgo5.....##
#####g########### #


You could see an orc warrior, a hobgoblin, a goblin, 2 kobolds and a friendly
white imp.

Vanquished Creatures
  Joseph (D:7)
  Prince Ribbit (D:5)
  3 sky beasts
  Duvessa (D:7)
  3 orc warriors
  4 ogres
  A centaur (D:7)
  Blork the orc (D:6)
  A gnoll sergeant (D:6)
  2 bullfrogs (D:6)
  Dowan (D:7)
  A water moccasin zombie (D:5)
  A scorpion (D:7)
  2 wights (D:8)
  3 howler monkeys (D:7)
  A crimson imp (D:6)
  A jelly (D:6)
  A bullfrog zombie (D:6)
  3 hounds
  4 orc priests (D:5)
  Jessica (D:3)
  An iguana (D:6)
  An orc wizard (D:6)
  7 worker ants
  A hound skeleton (D:4)
  2 worker ant zombies (D:6)
  10 gnolls
  13 adders
  2 shadow imps
  An ooze (D:1)
  2 worms
  A dart slug (D:3)
  21 orcs
  14 bats
  10 giant cockroaches
  15 goblins
  5 hobgoblins
  9 jackals
  2 quokkas (D:3)
  A ball python skeleton (D:4)
  A ball python zombie (D:5)
  3 frilled lizards
  9 kobolds
  A leopard gecko skeleton (D:5)
  2 quokka skeletons
  8 rats
179 creatures vanquished.

Vanquished Creatures (collateral kills)
  A hippogriff (D:6)
  A centaur (D:6)
  A howler monkey (D:6)
  2 hounds
  An orc wizard (D:6)
  9 gnolls
  A giant cockroach (D:5)
  4 jackals (D:3)
20 creatures vanquished.

Grand Total: 199 creatures vanquished

Notes
Turn   | Place    | Note
-------+----------+-------------------------------------------
     0 | D:1      | Ajohnson the Demonspawn Fighter began the quest for the
                  | Orb.
     0 | D:1      | Reached XP level 1. HP: 18/18 MP: 1/1
    68 | D:1      | Gained mutation: A weak demonic guardian rushes to your
                  | aid. [demonic ancestry]
    68 | D:1      | Reached XP level 2. HP: 16/24 MP: 2/2
   583 | D:2      | Gained mutation: You regenerate a little health from kills.
                  | [demonic ancestry]
   583 | D:2      | Reached XP level 3. HP: 29/29 MP: 3/3
   608 | D:2      | Found a shattered altar of Ashenzari.
   608 | D:2      | Found a blossoming altar of Fedhas.
   847 | D:2      | Gained mutation: You are surrounded by a mild repulsion
                  | field. (EV +2) [demonic ancestry]
   847 | D:2      | Reached XP level 4. HP: 31/35 MP: 4/4
  1045 | D:2      | Found a hide-covered altar of Uskayaw.
  1373 | D:3      | Gained mutation: You have large cloven feet. [demonic
                  | ancestry]
  1373 | D:3      | Reached XP level 5. HP: 36/42 MP: 5/5
  1692 | D:3      | Noticed Jessica
  1699 | D:3      | Killed Jessica
  2064 | D:3      | Reached skill level 4 in Fighting
  2140 | D:3      | Found a hazy altar of Hepliaklqana.
  2228 | D:4      | Found a shimmering altar of Xom.
  2550 | D:4      | Noticed an ogre
  2560 | D:4      | Killed an ogre
  2560 | D:4      | Reached XP level 6. HP: 25/49 MP: 6/6
  3280 | D:4      | Found a staircase to the Ecumenical Temple.
  3349 | Temple   | Entered the Ecumenical Temple
  3446 | Temple   | Became a worshipper of Kikubaaqudgha
  3485 | D:5      | Entered Level 5 of the Dungeon
  3772 | D:4      | HP: 2/49 [gnoll/+0 whip (6)]
  4066 | D:4      | Gained mutation: You regenerate health from kills. [demonic
                  | ancestry]
  4066 | D:4      | Reached XP level 7. HP: 35/55 MP: 7/7
  4206 | D:5      | Reached skill level 5 in Fighting
  4605 | D:5      | Noticed Prince Ribbit
  4623 | D:5      | Killed Prince Ribbit
  4623 | D:5      | Reached skill level 5 in Armour
  4623 | D:5      | Reached skill level 5 in Shields
  4623 | D:5      | Reached XP level 8. HP: 38/63 MP: 8/8
  4910 | D:6      | Reached skill level 1 in Necromancy
  4981 | D:5      | HP: 2/64 [orc/+0 flail (7)]
  5247 | D:6      | Reached skill level 6 in Fighting
  5325 | D:6      | Reached * piety under Kikubaaqudgha
  5325 | D:6      | Identified Kikubaaqudgha's Papyrus of Unholy Rituals
                  | (Kikubaaqudgha gifted it to you on level 6 of the Dungeon)
  5325 | D:6      | Received a gift from Kikubaaqudgha
  5364 | D:6      | Reached skill level 5 in Polearms
  5540 | D:7      | Noticed Duvessa
  5540 | D:7      | Noticed Dowan
  5540 | D:7      | Noticed a hippogriff
  5559 | D:6      | Killed a hippogriff
  5769 | D:7      | Noticed Joseph
  5770 | D:7      | Killed Duvessa
  5778 | D:7      | Killed Dowan
  5793 | D:7      | Killed Joseph
  5871 | D:7      | Found a transporter.
  5874 | D:7      | Noticed Ekaitz's ghost (novice KoSu)
  5875 | D:7      | Found a transporter.
  5918 | D:7      | Gained mutation: You have hoof-like feet. [demonic
                  | ancestry]
  5918 | D:7      | Reached XP level 9. HP: 51/71 MP: 9/9
  5942 | D:7      | Reached skill level 7 in Fighting
  6106 | D:7      | Found a radiant altar of Vehumet.
  6383 | D:6      | Found an opulent altar of Gozag.
  6390 | D:6      | Found an iron altar of Okawaru.
  6603 | D:6      | Reached skill level 5 in Necromancy
  6694 | D:6      | Reached ** piety under Kikubaaqudgha
  7360 | D:6      | Noticed Blork the orc
  7722 | D:6      | Killed Blork the orc
  8006 | D:6      | Found a bloodstained altar of Trog.
  8251 | D:8      | Found a flagged portal.
  8256 | Bailey   | Entered a bailey
  8449 | Bailey   | Noticed an orc knight
  8577 | Bailey   | Reached skill level 8 in Fighting
  8612 | Bailey   | HP: 3/111 [orc warrior/+0 battleaxe (17)]
  8635 | Bailey   | Slain by an orc warrior

Levels and vault maps discovered:
D:1:      lightli_arrival_boilingwater, layout_basic,
          chequers_serial_rivers_micro_d, minmay_crystal_water
D:2:      layout_rooms, old_standard_altar, gammafunk_temple_overflow_wave,
          first_ration
D:3:      minmay_skewed_foursquare, layout_basic, marbit_many_paths,
          kennysheep_jessica_study
D:4:      layout_rooms, xom_teletrap_fun, minmay_temple_entry_poolview,
          minmay_increasing_density
D:5:      layout_rooms, uniq_prince_ribbit1
D:6:      layout_basic, nicolae_overflow_crystal_walls, grunt_gozag_statues,
          basic_altar, minmay_bent, uniq_blork_the_orc
D:7:      layout_loops_cross, gammafunk_ghost_arena, lemuel_statue_altar,
          uniq_duvessa, uniq_joseph
D:8:      layout_rooms, lemuel_doored_altar, enter_bailey_3, serial_shops,
          nicolae_shop_trees, hangedman_pestilent_swarm, minmay_misc_feat_room,
          uniq_grum
Temple:   nicolae_temple_great_sept
Bailey:   bailey_axe_4, bailey

Skill      XL: |  1  2  3  4  5  6  7  8  9 |
---------------+----------------------------+-----
Polearms       | 2 3 4 5 7 |  7.0
Armour         | 3 4 5 |  5.0
Shields        | 3 4 5 |  5.0
Fighting       | 4 5 6 8 |  8.0
Necromancy     | 4 6 |  6.1

Action                   |  1- 3 |  4- 6 |  7- 9 || total
-------------------------+-------+-------+-------++-------
Melee: Trident           |   124 |   285 |   572 ||   981
       Unarmed           |       |       |    20 ||    20
  Use: Potion            |       |     4 |     6 ||    10
       Scroll            |       |       |     7 ||     7
 Stab: Distracted        |       |     1 |     2 ||     3
       Confused          |       |       |     1 ||     1
  Eat: Chunk             |       |    11 |    12 ||    23
       Ration            |       |       |     1 ||     1
Armor: Scale mail        |    72 |   117 |   188 ||   377
       Skin              |       |       |    10 ||    10
Dodge: Dodged            |    22 |   107 |   241 ||   370
Block: Shield            |    54 |   138 |   290 ||   482
